Map: New Repugnancy LE

Players

souL - Winner!

  • Race: Terran Terran
  • Spawn Location: 1:00

GhostHell

  • Race: Zerg Zerg
  • Spawn Location: 7:00

Event: 2019 WCS Summer

VOD

Have the link to the VOD?

Description

Time

  • Played on: July 12, 2019, 7:48 a.m.
  • Length: 9:20

All games in this series

Show
View Real Time Build Order
Export as new Build Order

souL Terran - Winner!

Build Orders: Gas First Reaper Expand, Liberator Opening 

Get SALT Encoding   

  12  0:00  SCV  
  13  0:12  SCV  
  14  0:17  Supply Depot  
  14  0:25  SCV  
  14  0:28  Refinery  
  15  0:39  SCV  
  16  0:45  Barracks  
  16  0:51  SCV  
  17  1:03  SCV  
  18  1:15  SCV  
  19  1:32  Orbital Command, Reaper  
  20  1:46  Command Center  
  20  1:57  Factory  
  20  2:00  SCV  
  21  2:05  Barracks Reactor  
  21  2:12  SCV  
  21  2:14  Supply Depot  
  22  2:18  Refinery  
  22  2:24  SCV  
  23  2:37  SCV  
  24  2:46  Starport  
  24  2:49  SCV  
  29  2:51  Hellion x2  
  29  3:01  Orbital Command, SCV  
  29  3:04  Barracks Tech Lab  
  30  3:13  SCV  
  30  3:14  Hellion  
  30  3:18  Hellion  
  35  3:25  SCV  
  36  3:27  SCV  
  36  3:29  Viking  
  39  3:39  SCV  
  39  3:40  Supply Depot  
  40  3:42  SCV  
  40  3:46  Liberator, Barracks Tech Lab  
  41  3:49  Hellion x2  
  41  3:51  SCV  
  46  4:01  SCV  
  47  4:03  SCV  
  47  4:08  Marine  
  47  4:09  Stimpack  
  52  4:12  Supply Depot  
  52  4:13  SCV  
  52  4:15  SCV  
  54  4:25  Command Center  
  54  4:33  SCV x2  
  55  4:42  Factory Reactor  
  55  4:44  Barracks  
  55  4:46  SCV  
  55  4:48  Barracks, SCV  
  55  4:49  Supply Depot  
  57  4:55  Starport Reactor  
  57  4:58  SCV  
  57  4:59  Engineering Bay x2  
  58  5:00  SCV  
  58  5:04  Marine, Refinery x2  
  60  5:10  SCV  
  60  5:12  SCV  
  56  5:22  Marine, SCV  
  56  5:24  SCV  
  55  5:33  Marine x2  
  55  5:34  SCV  
  55  5:35  Terran Infantry Weapons Level 1, Terran Infantry Armor Level 1  
  56  5:36  SCV  
  56  5:40  Marine  
  56  5:42  Medivac x2  
  57  5:46  Orbital Command, Marine  
  57  5:47  SCV  
  57  5:48  Marine, SCV  
  61  5:50  Marine  
  61  5:51  Marine  
  61  5:54  Siege Tank  
  61  5:55  Liberator  
  66  5:57  Marine  
  66  5:59  SCV  
  66  6:00  SCV  
  66  6:04  Marine  
  69  6:06  Marine  
  69  6:08  Marine x2  
  69  6:09  Combat Shield  
  69  6:10  Orbital Command  
  73  6:11  SCV  
  73  6:12  SCV  
  73  6:15  Marine  
  73  6:18  Supply Depot  
  79  6:22  Marine  
  79  6:23  SCV  
  79  6:24  Marine, Supply Depot  
  83  6:25  SCV  
  83  6:26  Marine x2  
  83  6:27  Supply Depot  
  85  6:38  Armory  
  85  6:39  Siege Tank, Marine x2, SCV x2  
  91  6:43  SCV  
  91  6:45  Marine  
  91  6:46  Marine  
  91  6:47  Marine, Supply Depot  
  95  6:51  SCV x2  
  98  6:55  SCV  
  98  6:57  Marine x2, Medivac  
  103  7:03  SCV  
  103  7:05  Barracks x2  
  104  7:11  Siege Tank  
  104  7:14  Marine  
  104  7:15  Marine  
  100  7:18  Marine x3  
  100  7:21  Supply Depot  
  104  7:23  Supply Depot  
  104  7:25  SCV x2  
  106  7:32  Marine  
  106  7:33  Marine  
  107  7:38  Marine  
  107  7:41  Medivac  
  107  7:43  Siege Tank  
  113  7:47  Marine, Command Center  
  114  7:56  Marine  
  114  7:57  Marine  
  114  7:58  SCV x2  
  114  8:01  Medivac  
  114  8:02  Marine  
  114  8:03  Marine  
  114  8:04  Marine x2  
  114  8:05  Marine  
  120  8:11  Medivac  
  122  8:14  Marine  
  122  8:15  Marine  
  122  8:20  Marine  
  122  8:23  Marine x2  
  122  8:24  Barracks  
  122  8:25  Barracks  
  122  8:26  Barracks  
  115  8:31  SCV, Medivac  
  115  8:32  Marine  
  115  8:33  Marine  
  118  8:35  Supply Depot  
  118  8:36  Refinery x2, Supply Depot  
  118  8:37  Marine  
  118  8:38  Barracks Reactor x2  
  118  8:41  Marine x2, Medivac  
  121  8:45  SCV  
  121  8:46  Supply Depot  
  124  8:49  Marine, SCV x2  
  124  8:50  Marine  
  128  8:55  Marine  
  128  8:57  SCV  
  128  8:59  Marine x2  
Show
View Real Time Build Order
Export as new Build Order

GhostHell Zerg 

Build Orders: Hatch First 

Get SALT Encoding   

  12  0:01  Drone  
  13  0:12  Overlord  
  13  0:19  Drone  
  14  0:31  Drone  
  14  0:33  Drone  
  14  0:35  Drone  
  17  0:53  Hatchery  
  17  0:55  Drone  
  17  0:58  Drone  
  18  1:09  Extractor  
  17  1:13  Spawning Pool  
  17  1:16  Drone  
  17  1:19  Drone  
  18  1:28  Drone  
  19  1:40  Overlord  
  19  1:53  Drone  
  20  2:00  Queen  
  20  2:01  Zergling x2  
  23  2:05  Queen  
  23  2:06  Zergling x2  
  26  2:08  Metabolic Boost  
  26  2:13  Drone  
  27  2:17  Drone  
  28  2:30  Hatchery  
  28  2:33  Drone  
  28  2:36  Drone  
  28  2:41  Drone x2  
  29  2:47  Drone  
  30  2:52  Queen  
  30  2:56  Overlord  
  33  2:58  Drone  
  33  3:01  Drone  
  34  3:08  Drone  
  35  3:17  Drone x4, Overlord  
  39  3:20  Zergling x4  
  39  3:26  Zergling x4  
  43  3:40  Drone x2  
  45  3:41  Queen x2  
  45  3:46  Queen  
  45  3:48  Zergling x2  
  52  3:49  Drone  
  52  3:50  Zergling x2  
  52  3:53  Drone x3  
  52  3:55  Zergling x2  
  54  4:05  Drone  
  54  4:06  Zergling x6  
  58  4:14  Overlord x2  
  58  4:20  Evolution Chamber  
  58  4:21  Evolution Chamber  
  56  4:33  Drone x2  
  56  4:34  Drone  
  56  4:35  Drone x2  
  56  4:36  Zergling x6, Drone x2  
  66  4:43  Overlord  
  66  4:46  Zerg Melee Weapons Level 1  
  66  4:48  Spore Crawler  
  66  4:50  Zerg Ground Armor Level 1  
  66  4:52  Spore Crawler  
  63  4:53  Spore Crawler  
  63  4:56  Drone x4  
  63  4:58  Overlord  
  66  5:05  Zergling x4  
  66  5:06  Drone x4  
  69  5:16  Zergling x6  
  62  5:30  Drone  
  62  5:31  Drone x2  
  62  5:35  Lair  
  62  5:37  Extractor x2  
  62  5:42  Drone x7  
  67  5:43  Drone x2  
  67  5:47  Queen  
  71  5:55  Drone x2  
  73  6:06  Extractor  
  73  6:07  Extractor  
  73  6:08  Baneling Nest  
  73  6:10  Drone x2  
  72  6:12  Drone, Overlord  
  72  6:13  Overlord  
  73  6:28  Overlord  
  73  6:32  Drone  
  74  6:35  Zergling x18  
  74  6:39  Hatchery  
  81  6:42  Zerg Melee Weapons Level 2  
  81  6:43  Zergling x8  
  85  6:47  Zergling x2  
  85  6:49  Zerg Ground Armor Level 2  
  85  6:54  Baneling x2  
  86  6:57  Zergling x4  
  86  6:58  Zergling x6  
  87  7:10  Zergling x2  
  87  7:11  Zergling x14  
  90  7:17  Baneling x3  
  90  7:18  Baneling, Spire  
  90  7:20  Centrifical Hooks  
  89  7:27  Drone x8  
  89  7:28  Drone  
  88  7:54  Zergling x4  
  88  7:55  Zergling x20  
  88  7:56  Baneling  
  88  7:57  Baneling  
  88  7:58  Queen  
  92  7:59  Baneling  
  90  8:07  Extractor  
  90  8:08  Infestation Pit  
  90  8:09  Zergling x12  
  78  8:22  Zergling x12  
  79  8:28  Spawning Pool  
  79  8:30  Drone x3  
  79  8:31  Drone  
  79  8:33  Drone x4  
  86  8:41  Baneling x4  
  86  8:47  Baneling x3  
  86  8:48  Baneling x2  
  92  8:51  Baneling x2  
  92  8:59  Baneling x2  
Tags
 
Add a new tag
Caveats
  • Supply blocks, unpowered buildings, or Contaminate may cause inaccurate times.
  • Supply counts are checked every 10 seconds.